 Dungeon Crawl Stone Soup version 0.31.0 (webtiles) character file.

Game seed: 12015852211447322687

4603 qw the Skirmisher (level 10, -13/64 HPs)
             Began as a Gargoyle Hunter on Jan 20, 2024.
             Was an Elder of Okawaru.
             Mangled by a death yak (17 damage)
             ... on level 8 of the Dungeon.
             The game lasted 00:00:31 (6159 turns).

qw the Skirmisher (Gargoyle Hunter)                 Turns: 6159, Time: 00:00:32

Health: -13/64     AC: 18    Str: 14    XL:     10   Next: 42%
Magic:  13/13      EV: 21    Int: 14    God:    Okawaru [****..]
Gold:   413        SH:  5    Dex: 20    Spells: 9/9 levels left

rFire   + . .        p - +9 sling "Rabragg" {flame, rElec rF+ Dex+4}
rCold   . . .        (no shield)
rNeg    + + .        l - +0 acid dragon scales
rPois   inf          (no helmet)
rElec   +            k - scarf {repulsion}
rCorr   +            m - +0 pair of gloves
SInv    .            o - +0 pair of boots
Will    .....        f - amulet of reflection
Stlth   +++          b - +5 ring of evasion
HPRegen 0.30/turn    n - ring of positive energy
MPRegen 0.13/turn

%: repel missiles, reflection
@: about to teleport, heroic
A: sickness immunity, AC +7, negative energy resistance 1, electricity
resistance, torment resistance 1, petrification resistance, clever 1
a: Renounce Religion, Heroism, Finesse


You were on level 8 of the Dungeon.
You worshipped Okawaru.
Okawaru was greatly pleased with you.
You visited 2 branches of the dungeon, and saw 9 of its levels.
You also visited: Ossuary.

You collected 413 gold pieces.


Innate Abilities, Weirdness & Mutations

You are immune to sickness and miasma.
Your stone body is resilient. (AC +7)
You are immune to poison.
You resist negative energy. (rN+)
You are resistant to electric shocks. (rElec)
You are resistant to unholy torment.
You are immune to petrification.
Your mind is acute. (Int +4, Str/Dex -1)


   Skills:
 - Level 8.0(13.0) Fighting
 - Level 12.2(17.2) Ranged Weapons
 + Level 3.0(8.0) Armour
 - Level 3.0(8.0) Dodging
 - Level 1.1(6.1) Stealth
 + Level 4.8 Invocations


You had 9 spell levels left.
You didn't know any spells.
Your spell library was empty.

Inventory:

Hand Weapons
 p - the +9 sling "Rabragg" (weapon) {flame, rElec rF+ Dex+4}
   (You found it on level 4 of the Dungeon)

   Dex+4:     It affects your dexterity (+4).
   rF+:       It protects you from fire.
   rElec:     It insulates you from electricity.
Armour
 k - a scarf of repulsion (worn)
 l - +0 acid dragon scales (worn)
 m - a +0 pair of gloves (worn)
 o - a +0 pair of boots (worn)
Jewellery
 b - a +5 ring of evasion (left hand)
 f - an amulet of reflection (around neck)
 n - a ring of positive energy (right hand)
Scrolls
 c - 3 scrolls of teleportation
 h - a scroll of identify
Potions
 a - 2 potions of mutation
 d - 2 potions of might
 e - a potion of invisibility {unknown}
 g - a potion of cancellation
 i - a potion of berserk rage {unknown}
 j - 3 potions of curing
 q - 2 potions of haste
 t - a potion of enlightenment {unknown}

Dungeon Overview and Level Annotations

Branches:
Dungeon (8/15)             Temple (1/1) D:5            Lair (0/5) D:8
Ossuary (visited)

Altars:
Ashenzari
Cheibriados
Elyvilon
Fedhas
Gozag
Kikubaaqudgha
Makhleb
Nemelex Xobeh
Okawaru
Qazlal
Sif Muna
Trog
Uskayaw
Vehumet
Xom
Zin

Shops:
D:7 *

Annotations:
D:6 2 transporters


Message History

Your base Ranged Weapons skill increases to level 12!
You shoot a sling bullet. The sling bullet hits the death yak!
The sling bullet burns the death yak.
The death yak is lightly wounded.
You shoot a sling bullet. The sling bullet hits the death yak.
The sling bullet burns the death yak.
The death yak is lightly wounded.
You block the death yak's attack.
You shoot a sling bullet. The sling bullet hits the death yak.
The sling bullet burns the death yak.
The death yak is moderately wounded.
The death yak gores you!
You shoot a sling bullet. The sling bullet hits the death yak.
The sling bullet burns the death yak.
The death yak is moderately wounded.
The death yak closely misses you.
You shoot a sling bullet. The sling bullet hits the death yak!
The sling bullet burns the death yak.
The death yak is heavily wounded.
You shoot a sling bullet. The sling bullet hits the death yak.
The sling bullet burns the death yak.
The death yak is severely wounded.
You block the death yak's attack.
You shoot a sling bullet.
The sling bullet barely misses the death yak.
The death yak gores you!
You shoot a sling bullet. The sling bullet hits the death yak!
The sling bullet burns the death yak.
The death yak is almost dead.
The death yak gores you!
6157 ||| READING 4 scrolls of teleportation.
As you read the scroll of teleportation, it crumbles to dust.
You feel strangely unstable. The death yak gores you!
You shoot a sling bullet.
The sling bullet barely misses the death yak.
You shoot a sling bullet.
The sling bullet barely misses the death yak.
The death yak gores you!
You die...

#.##.#.############
#.##....%.# #.....#
#.####.##.# #.###.#
..# #.##.###.###.#
### #.##.........#
#.#.......####
#.#.......#
#.#......Y######.#
#........#Y@.....#
#.#......Y########
....#.......#
......#...Y.#
..##.....#
.#.......#
...>.....#
.........#
...##...##


You could see 3 death yaks.

Vanquished Creatures
  2 death yaks (D:8)
  Sigmund (D:5)
  A wyvern (D:8)
  2 water moccasins
  2 acid dragons
  An orc warrior (D:7)
  A black bear (D:8)
  A sky beast (D:7)
  A centaur (D:4)
  2 phantoms
  Blork the orc (D:5)
  A weeping skull (Ossuary)
  2 gnoll sergeants (D:7)
  5 bullfrogs (D:7)
  5 water moccasin zombies (Ossuary)
  5 wights (D:6)
  4 killer bees (D:8)
  A howler monkey (D:8)
  2 electric eels (D:6)
  A bombardier beetle (D:4)
  A jelly (D:6)
  2 hounds
  3 orc priests
  A spectral scorpion (Ossuary)
  A gnoll bouda (D:4)
  Terence (D:3)
  3 iguanas
  3 orc wizards
  A crocodile zombie (Ossuary)
  A bullfrog simulacrum (Ossuary)
  2 mummies (Ossuary)
  13 gnolls
  6 adders
  5 adder zombies (Ossuary)
  4 dart slugs
  2 ribbon worms
  19 orcs
  4 endoplasms
  4 giant cockroaches
  15 goblins
  8 hobgoblins
  5 jackals
  12 kobolds
  3 ball pythons
  6 bats
  2 frilled lizards
  10 gnoll zombies (Ossuary)
  3 jackal zombies (Ossuary)
  3 orc zombies (Ossuary)
  4 rats
188 creatures vanquished.

Notes
Turn   | Place    | Note
-------+----------+-------------------------------------------
     0 | D:1      | qw the Gargoyle Hunter began the quest for the Orb.
     0 | D:1      | Reached XP level 1. HP: 12/12 MP: 1/1
     0 | D:1      | 0 ||| qw: Version: 0.3-a-132-g3d54051
     0 | D:1      | 0 ||| qw: Game counter: 482
     0 | D:1      | 0 ||| qw: Melee chars always use a shield: true
     0 | D:1      | 0 ||| qw: God list: Okawaru
     0 | D:1      | 0 ||| qw: Allow faded altars: false
     0 | D:1      | 0 ||| qw: Do Orc after clearing Dungeon:15 true
     0 | D:1      | 0 ||| qw: Do second Lair branch before Depths: true
     0 | D:1      | 0 ||| qw: Lair rune preference: random
     0 | D:1      | 0 ||| qw: Goals: Normal
     0 | D:1      | 0 ||| PLANNING D:1-11
   209 | D:1      | Reached XP level 2. HP: 17/17 MP: 2/2
   422 | D:1      | Reached XP level 3. HP: 17/21 MP: 3/3
   426 | D:1      | Reached skill level 5 in Ranged Weapons
   923 | D:1      | 923 ||| READING scroll labelled FAAVVUYCUE.
   924 | D:1      | 924 ||| READING scroll labelled AQOCVA HEURAU.
   924 | D:1      | 924 ||| IDENTIFYING smoky golden potion
   925 | D:1      | 925 ||| READING scroll labelled XID GOSCHEDEDGH.
   925 | D:1      | 925 ||| BRANDING +0 shortbow.
   926 | D:1      | 926 ||| READING scroll labelled BIHU TUUBLOEKH.
   927 | D:1      | 927 ||| DROPPING scroll of butterflies.
  1044 | D:2      | Reached skill level 3 in Fighting
  1052 | D:2      | Reached XP level 4. HP: 28/28 MP: 4/4
  1506 | D:2      | Found a faded altar of an unknown god.
  1739 | D:2      | 1739 ||| UPGRADING to +0 ring mail.
  1749 | D:2      | 1749 ||| DROPPING +0 leather armour.
  1750 | D:2      | 1750 ||| UPGRADING to amulet of the acrobat.
  1755 | D:2      | 1755 ||| UPGRADING to +5 ring of evasion.
  1756 | D:2      | 1756 ||| DROPPING +6 ring of intelligence.
  1757 | D:2      | 1757 ||| DRINKING 2 lumpy orange potions.
  1785 | D:3      | Noticed Terence
  1800 | D:3      | Killed Terence
  1801 | D:3      | Reached skill level 1 in Armour
  1801 | D:3      | Reached XP level 5. HP: 28/32 MP: 5/5
  1801 | D:3      | 1801 ||| FLEEEEING.
  2153 | D:3      | 2153 ||| UPGRADING to ring of positive energy.
  2154 | D:3      | 2154 ||| READING 2 scrolls of identify.
  2154 | D:3      | 2154 ||| IDENTIFYING glowing dark potion
  2155 | D:3      | 2155 ||| READING scroll of identify.
  2155 | D:3      | 2155 ||| IDENTIFYING metallic ruby potion
  2156 | D:3      | 2156 ||| READING scroll labelled SUFFAXOCLE.
  2157 | D:3      | 2157 ||| READING scroll labelled CYIMIY URODOYS.
  2258 | D:3      | 2258 ||| DRINKING 2 grey potions.
  2259 | D:3      | 2259 ||| DROPPING potion of attraction.
  2386 | D:4      | Reached skill level 6 in Ranged Weapons
  2424 | D:4      | Reached XP level 6. HP: 29/38 MP: 6/6
  2432 | D:4      | 2432 ||| FLEEEEING.
  2612 | D:4      | Identified the +9 sling "Rabragg" {flame, rElec rF+ Dex+4}
  2614 | D:4      | 2614 ||| SWAPPING to +9 sling "Rabragg" {flame, rElec rF+
                  | Dex+4}.
  2615 | D:4      | 2615 ||| DROPPING +0 shortbow of freezing.
  2929 | D:4      | 2929 ||| UPGRADING to scarf of repulsion.
  2934 | D:4      | 2934 ||| UPGRADING to +0 pair of gloves.
  2939 | D:4      | 2939 ||| DROPPING ring of magical power.
  2940 | D:4      | 2940 ||| READING scroll labelled XYAD NOCWAE.
  2941 | D:4      | 2941 ||| FLEEEEING.
  2966 | D:4      | 2966 ||| READING scroll labelled WOLIAPR UTULE.
  2967 | D:4      | 2967 ||| FLEEEEING.
  3003 | D:5      | Entered Level 5 of the Dungeon
  3027 | D:5      | Noticed Blork the orc
  3029 | D:5      | 3029 ||| FLEEEEING.
  3030 | D:5      | 3030 ||| FLEEEEING.
  3031 | D:5      | 3031 ||| FLEEEEING.
  3035 | D:5      | 3035 ||| FLEEEEING.
  3036 | D:5      | 3036 ||| FLEEEEING.
  3037 | D:5      | 3037 ||| FLEEEEING.
  3038 | D:5      | 3038 ||| FLEEEEING.
  3039 | D:5      | 3039 ||| FLEEEEING.
  3040 | D:5      | 3040 ||| STAIRDANCE
  3054 | D:4      | 3054 ||| READING scroll labelled FUTHOG GERIH.
  3061 | D:5      | Killed Blork the orc
  3062 | D:5      | Reached skill level 7 in Ranged Weapons
  3062 | D:5      | Reached XP level 7. HP: 43/43 MP: 7/7
  3166 | D:5      | Found a staircase to the Ecumenical Temple.
  3167 | D:5      | 3167 ||| PLANNING TEMPLE
  3202 | D:5      | 3202 ||| FLEEEEING.
  3203 | D:5      | 3203 ||| FLEEEEING.
  3210 | D:5      | 3210 ||| STAIRDANCE
  3267 | Temple   | Entered the Ecumenical Temple
  3268 | Temple   | 3268 ||| PLANNING OKAWARU WORSHIP
  3274 | Temple   | Became a worshipper of Warmaster Okawaru
  3275 | Temple   | 3275 ||| PLANNING D:1-11
  3386 | D:5      | Noticed Sigmund
  3387 | D:5      | 3387 ||| DRINKING potion of haste.
  3393 | D:5      | Killed Sigmund
  3394 | D:5      | Reached skill level 8 in Ranged Weapons
  3715 | D:5      | 3715 ||| UPGRADING to +0 pair of boots.
  3720 | D:5      | 3720 ||| READING scroll labelled BIRESTRE ODALA.
  3721 | D:5      | 3721 ||| READING scroll labelled ROENOUV LEAN.
  3722 | D:5      | 3722 ||| FLEEEEING.
  3865 | D:6      | 3865 ||| PLANNING OSSUARY
  3921 | D:6      | Reached * piety under Okawaru
  3955 | D:6      | Noticed a skeletal warrior
  3959 | D:6      | Noticed a wraith
  3960 | D:6      | Found a sparkling altar of Nemelex Xobeh.
  3960 | D:6      | Found a transporter.
  3966 | D:6      | Noticed a green ugly thing
  3967 | D:6      | Noticed a shadow
  3969 | D:6      | Found a transporter.
  3980 | D:6      | Reached XP level 8. HP: 48/48 MP: 8/8
  4112 | D:6      | Found a stormy altar of Qazlal.
  4122 | D:6      | Reached skill level 1 in Invocations
  4211 | D:6      | 4211 ||| FLEEEEING.
  4232 | D:6      | Found a sand-covered staircase.
  4240 | Ossuary  | Entered an ossuary
  4291 | Ossuary  | Reached skill level 3 in Invocations
  4378 | Ossuary  | Reached skill level 9 in Ranged Weapons
  4460 | Ossuary  | 4460 ||| UPGRADING to amulet of regeneration.
  4470 | Ossuary  | 4470 ||| DROPPING amulet of the acrobat.
  4471 | Ossuary  | 4471 ||| DRINKING 3 glowing purple potions.
  4471 | Ossuary  | Gained mutation: Your mind is acute. (Int +4, Str/Dex -1)
                  | [potion of mutation]
  4472 | Ossuary  | 4472 ||| DRINKING 2 glowing cyan potions.
  4473 | Ossuary  | 4473 ||| DRINKING 2 murky orange potions.
  4474 | Ossuary  | 4474 ||| DRINKING 3 red potions.
  4475 | Ossuary  | 4475 ||| DRINKING 4 potions of curing.
  4475 | Ossuary  | 4475 ||| (to cure confusion)
  4476 | Ossuary  | 4476 ||| DROPPING potion of degeneration.
  4477 | Ossuary  | 4477 ||| DROPPING potion of brilliance.
  4478 | Ossuary  | 4478 ||| DROPPING 2 potions of ambrosia.
  4484 | D:6      | 4484 ||| PLANNING D:1-11
  4497 | D:6      | Reached ** piety under Okawaru
  4498 | D:6      | Reached skill level 6 in Fighting
  4670 | D:6      | Reached XP level 9. HP: 55/55 MP: 12/12
  4674 | D:6      | 4674 ||| RETREEEEATING.
  4681 | D:6      | Reached skill level 10 in Ranged Weapons
  4695 | D:6      | Reached skill level 3 in Armour
  5065 | D:6      | 5065 ||| UPGRADING to +0 acid dragon scales.
  5075 | D:6      | 5075 ||| DROPPING +0 ring mail.
  5076 | D:6      | 5076 ||| DROPPING wand of flame (13).
  5085 | D:7      | Found a hide-covered altar of Uskayaw.
  5091 | D:7      | Reached skill level 3 in Dodging
  5252 | D:7      | Found a flagged portal.
  5268 | D:7      | Found an opulent altar of Gozag.
  5268 | D:7      | Found Gozag's Platinum Reserve.
  5283 | D:7      | 5283 ||| SHOPLISTING +0 helmet "Miyxoiv" {-Tele Will- rCorr
                  | Int+6} (1850 gold, have 337).
  5283 | D:7      | 5283 ||| SHOPLISTING +3 leather armour of the Barnacle
                  | {rElec rPois rF+++ Str-5} (5970 gold, have 337).
  5283 | D:7      | 5283 ||| SHOPLISTING ring "Tedyt" {Will++ Str+6 Stlth+}
                  | (5980 gold, have 337).
  5319 | D:7      | Reached *** piety under Okawaru
  5802 | D:7      | 5802 ||| UPGRADING to amulet of reflection.
  5812 | D:7      | 5812 ||| DROPPING amulet of regeneration.
  5903 | D:8      | Reached skill level 11 in Ranged Weapons
  6037 | D:8      | 6037 ||| RETREEEEATING.
  6039 | D:8      | 6039 ||| RETREEEEATING.
  6048 | D:8      | Reached XP level 10. HP: 64/64 MP: 13/13
  6058 | D:8      | 6058 ||| FLEEEEING.
  6119 | D:8      | Found a staircase to the Lair.
  6122 | D:8      | Noticed a death yak
  6122 | D:8      | Noticed a death yak
  6122 | D:8      | Noticed a death yak
  6123 | D:8      | 6123 ||| RETREEEEATING.
  6124 | D:8      | 6124 ||| RETREEEEATING.
  6125 | D:8      | 6125 ||| INVOKING Heroism.
  6126 | D:8      | Noticed a death yak
  6127 | D:8      | Noticed a death yak
  6129 | D:8      | Noticed a death yak
  6134 | D:8      | 6134 ||| RETREEEEATING.
  6141 | D:8      | Killed a death yak
  6141 | D:8      | Reached **** piety under Okawaru
  6148 | D:8      | Killed a death yak
  6149 | D:8      | Reached skill level 12 in Ranged Weapons
  6156 | D:8      | HP: 13/64 [death yak (12)]
  6157 | D:8      | 6157 ||| READING 4 scrolls of teleportation.
  6157 | D:8      | HP: 4/64 [death yak (10)]
  6159 | D:8      | Mangled by a death yak

Levels and vault maps discovered:
D:1:      dpeg_arrival_round_b, layout_basic
D:2:      layout_basic, shapermc_ecumenical_altar_rom_forum, minmay_heptomino_h4
D:3:      layout_basic, uniq_terence
D:4:      layout_loops_cross
D:5:      layout_loops_cross, minmay_temple_entry_overgrown, nrook_uturn,
          minmay_misc_feat_four_crosses, uniq_blork_the_orc, uniq_sigmund
D:6:      layout_loops_corners, mainiacjoe_overflow_24_doors,
          gammafunk_temple_overflow_arena, enter_ossuary_1, fountainhead
D:7:      corexii_shack_village, layout_gridville,
          nicolae_uskayaw_murder_on_the_dancefloor,
          nicolae_gozag_zags_fifth_avenue, enter_bailey_5, grunt_ministairs_1
D:8:      layout_basic, dpeg_lair_monsters, serial_shops,
          nicolae_shop_gaudy_bauble, gammafunk_ghost_arena
Temple:   nicolae_temple_x_marks_the_god

Skill      XL: |  1  2  3  4  5  6  7  8  9 10 |
---------------+-------------------------------+-----
Ranged Weapons | 5 6 7 8 9 11 12 | 12.2
Fighting       | 3 4 6 7 8 |  8.0
Armour         | 1 2 3 |  3.0
Dodging        | 2 3 |  3.0
Invocations    | 4 |  4.8
Stealth        | |  1.1

Action                     |  1- 3 |  4- 6 |  7- 9 | 10-12 || total
---------------------------+-------+-------+-------+-------++-------
   Fire: Shortbow          |    83 |   100 |       |       ||   183
         Sling             |       |    10 |   306 |    42 ||   358
 Invoke: Heroism           |       |       |       |     1 ||     1
    Use: Scroll            |     4 |     7 |     2 |     1 ||    14
         Potion            |       |     2 |     6 |       ||     8
 Armour: Leather armour    |     8 |     3 |       |       ||    11
         Ring mail         |       |    11 |    40 |       ||    51
         Acid dragon scale |       |       |    17 |    11 ||    28
  Dodge: Dodged            |     7 |    37 |    93 |    15 ||   152
  Block: Other             |       |       |     1 |     7 ||     8

Table legend:
 A = Non-vault XP
 B = Vault XP
 C = Vault XP percentage of total XP
 D = Non-vault monster count
 E = Vault monster count
 F = Vault count percentage of total count
                 A         B        C        D         E       F
            +---------+---------+-------+---------+---------+-------
      Total |    3584 |    2993 |  45.5 |     129 |      59 |  31.4
            +---------+---------+-------+---------+---------+-------
        D:1 |      70 |       0 |   0.0 |      31 |       0 |   0.0
        D:2 |      49 |      10 |  16.9 |      14 |       4 |  22.2
        D:3 |      21 |      36 |  63.2 |       8 |       1 |  11.1
        D:4 |     335 |       0 |   0.0 |      16 |       0 |   0.0
        D:5 |     257 |     331 |  56.3 |       7 |       2 |  22.2
        D:6 |    1202 |       0 |   0.0 |      29 |       0 |   0.0
        D:7 |     845 |     349 |  29.2 |      16 |      18 |  52.9
        D:8 |     805 |    1630 |  66.9 |       8 |       2 |  20.0
    Ossuary |       0 |     637 | 100.0 |       0 |      32 | 100.0
            +---------+---------+-------+---------+---------+-------
